% Time on Ice - COLORADO GLACIERCATS
Lines # - Real PCT - Wanted PCT - Time Play
Normal Forward
1 - 31% - 35% - 14:28
2 - 35% - 35% - 16:26
3 - 26% - 26% - 12:18
4 - 9% - 4% - 4:13
Normal Defense
1 - 35% - 40% - 16:37
2 - 38% - 36% - 18:08
3 - 27% - 20% - 12:40
4 - 0% - 4% - 0:00
PP Forward
1 - 52% - 50% - 4:31
2 - 48% - 50% - 4:06
PP Defense
1 - 64% - 55% - 5:29
2 - 36% - 45% - 3:08
PK Forward
1 - 55% - 50% - 2:11
2 - 45% - 50% - 1:47
PK Defense
1 - 46% - 50% - 1:49
2 - 54% - 50% - 2:09
PK3 Forward
1 - 0% - 50%
2 - 0% - 50%
PK3 Defense
1 - 0% - 50%
2 - 0% - 50%
44 Forward
1 - 0% - 50%
2 - 0% - 50%
44 Defense
1 - 0% - 45%
2 - 0% - 55%
Last Minute Offensive  - 0:00
Last Minute Defensive  - 0:00
Total
Forward - 60:00
Defense - 60:00
% Time on Ice - LAS VEGAS LIZARD KINGS
Lines # - Real PCT - Wanted PCT - Time Play
Normal Forward
1 - 33% - 37% - 15:37
2 - 28% - 30% - 13:14
3 - 24% - 23% - 11:35
4 - 15% - 10% - 6:59
Normal Defense
1 - 33% - 45% - 15:37
2 - 39% - 35% - 18:42
3 - 26% - 20% - 12:25
4 - 1% - 0% - 0:41
PP Forward
1 - 43% - 65% - 1:43
2 - 57% - 35% - 2:15
PP Defense
1 - 46% - 55% - 1:50
2 - 54% - 45% - 2:08
PK Forward
1 - 57% - 55% - 4:56
2 - 43% - 45% - 3:41
PK Defense
1 - 53% - 60% - 4:33
2 - 47% - 40% - 4:04
PK3 Forward
1 - 0% - 55%
2 - 0% - 45%
PK3 Defense
1 - 0% - 55%
2 - 0% - 45%
44 Forward
1 - 0% - 55%
2 - 0% - 45%
44 Defense
1 - 0% - 55%
2 - 0% - 45%
Last Minute Offensive  - 0:00
Last Minute Defensive  - 0:00
Total
Forward - 60:00
Defense - 60:00
Play-by-Play 1st period 0:01 of 1st period - Anze Kopitar wins face-off versus Ryan Nugent-Hopkins in neutral zone. 0:06 of 1st period - Shot by Jamie Benn. 0:06 of 1st period - Shot Misses the Net. 0:08 of 1st period - Shot by Devon Toews. 0:08 of 1st period - Stopped by Sergei Bobrovsky without a rebound. 0:09 of 1st period - Jeff Carter wins face-off versus Leon Draisaitl in LAS VEGAS LIZARD KINGS zone. 0:20 of 1st period - Shot by Brandon Hagel. 0:20 of 1st period - Stopped by Andrei Vasilevskiy without a rebound. 0:21 of 1st period - Ty Dellandrea wins face-off versus Alexander Wennberg in COLORADO GLACIERCATS zone. 0:29 of 1st period - Minor Penalty to Patrik Nemeth for Roughing. 0:30 of 1st period - Anze Kopitar wins face-off versus Ty Dellandrea in LAS VEGAS LIZARD KINGS zone. 1:13 of 1st period - Shot by Ty Dellandrea. 1:13 of 1st period - Shot Misses the Net. 1:17 of 1st period - Shot by Brandon Hagel. 1:17 of 1st period - Stopped by Andrei Vasilevskiy without a rebound. 1:18 of 1st period - Joe Pavelski wins face-off versus Tage Thompson in COLORADO GLACIERCATS zone. 2:23 of 1st period - John Marino is hit by Jamie Benn and loses puck. 2:46 of 1st period - Adam Ruzicka is hit by Jordan Greenway and loses puck. 3:35 of 1st period - Alexander Wennberg is hit by Joe Pavelski and loses puck. 3:56 of 1st period - Bryan Rust is hit by Johnny Gaudreau. 4:02 of 1st period - Shot by Cole Perfetti. 4:02 of 1st period - Stopped by Sergei Bobrovsky with a rebound. 4:04 of 1st period - Shot by Cole Perfetti. 4:04 of 1st period - Shot Blocked by Ryan Nugent-Hopkins. 4:38 of 1st period - Shot by Anze Kopitar. 4:38 of 1st period - Stopped by Sergei Bobrovsky without a rebound. 4:39 of 1st period - Leon Draisaitl wins face-off versus Jeff Carter in LAS VEGAS LIZARD KINGS zone. 4:46 of 1st period - Shot by Nino Niederreiter. 4:46 of 1st period - Stopped by Sergei Bobrovsky without a rebound. 4:47 of 1st period - Jeff Carter wins face-off versus Anze Kopitar in LAS VEGAS LIZARD KINGS zone. 7:07 of 1st period - Icing by Mario Ferraro. 7:08 of 1st period - Alexander Wennberg wins face-off versus Ryan Nugent-Hopkins in COLORADO GLACIERCATS zone. 7:10 of 1st period - Icing by Cole Perfetti. 7:11 of 1st period - Alexander Wennberg wins face-off versus Ryan Nugent-Hopkins in COLORADO GLACIERCATS zone. 7:15 of 1st period - Off-side. 7:16 of 1st period - Jeff Carter wins face-off versus Anze Kopitar in neutral zone. 7:19 of 1st period - Kristopher Letang is hit by Jeff Carter. 7:24 of 1st period - Off-side. 7:25 of 1st period - Ryan Nugent-Hopkins wins face-off versus Leon Draisaitl in neutral zone. 7:32 of 1st period - Shot by Ryan Nugent-Hopkins. 7:32 of 1st period - Shot Misses the Net. 7:56 of 1st period - Shot by Ryan Nugent-Hopkins. 7:56 of 1st period - Stopped by Andrei Vasilevskiy without a rebound. 7:57 of 1st period - Jeff Carter wins face-off versus Anze Kopitar in COLORADO GLACIERCATS zone. 8:18 of 1st period - Jeff Carter is hit by Devon Toews and loses puck. 10:09 of 1st period - Shot by Leon Draisaitl. 10:09 of 1st period - Shot Misses the Net. 10:11 of 1st period - Shot by Leon Draisaitl. 10:11 of 1st period - Shot Misses the Net. 11:28 of 1st period - Icing by Evan Rodrigues. 11:29 of 1st period - Adam Ruzicka wins face-off versus Jeff Carter in LAS VEGAS LIZARD KINGS zone. 11:35 of 1st period - Off-side. 11:36 of 1st period - Ty Dellandrea wins face-off versus Leon Draisaitl in neutral zone. 11:49 of 1st period - Shot by Tomas Hertl. 11:49 of 1st period - Deflect By Leon Draisaitl. 11:49 of 1st period - Shot Misses the Net. 12:02 of 1st period - Icing by Matt Roy. 12:03 of 1st period - Alexander Wennberg wins face-off versus Ty Dellandrea in LAS VEGAS LIZARD KINGS zone. 13:09 of 1st period - Shot by Ryan Nugent-Hopkins. 13:09 of 1st period - Stopped by Andrei Vasilevskiy without a rebound. 13:10 of 1st period - Jeff Carter wins face-off versus Tomas Hertl in COLORADO GLACIERCATS zone. 14:25 of 1st period - Shot by Jamie Benn. 14:25 of 1st period - Stopped by Sergei Bobrovsky without a rebound. 14:26 of 1st period - Ryan Nugent-Hopkins wins face-off versus Leon Draisaitl in LAS VEGAS LIZARD KINGS zone. 14:26 of 1st period - Ryan Nugent-Hopkins is hit by Adam Ruzicka. 15:32 of 1st period - Minor Penalty to Jalen Chatfield for Roughing. 15:33 of 1st period - Tage Thompson wins face-off versus Ty Dellandrea in LAS VEGAS LIZARD KINGS zone. 16:10 of 1st period - Shot by Tage Thompson. 16:10 of 1st period - Stopped by Sergei Bobrovsky without a rebound. 16:11 of 1st period - Anze Kopitar wins face-off versus Ty Dellandrea in LAS VEGAS LIZARD KINGS zone. 16:16 of 1st period - Shot by Anze Kopitar. 16:16 of 1st period - Stopped by Sergei Bobrovsky with a rebound. 16:18 of 1st period - Shot by Leon Draisaitl. 16:18 of 1st period - Stopped by Sergei Bobrovsky without a rebound. 16:19 of 1st period - Joe Pavelski wins face-off versus Anze Kopitar in LAS VEGAS LIZARD KINGS zone. 16:57 of 1st period - Shot by Jamie Benn. 16:57 of 1st period - Stopped by Sergei Bobrovsky with a rebound. 16:59 of 1st period - Shot by Anze Kopitar. 16:59 of 1st period - Stopped by Sergei Bobrovsky with a rebound. 17:21 of 1st period - Brayden McNabb is hit by Anze Kopitar and loses puck. 17:38 of 1st period - Jordan Greenway is hit by Alexander Wennberg and loses puck. 17:42 of 1st period - Icing by Matt Roy. 17:43 of 1st period - Luke Glendening wins face-off versus Alexander Wennberg in LAS VEGAS LIZARD KINGS zone. 18:13 of 1st period - Icing by Dmitry Kulikov. 18:14 of 1st period - Leon Draisaitl wins face-off versus Luke Glendening in LAS VEGAS LIZARD KINGS zone. 18:38 of 1st period - Icing by Dmitry Kulikov. 18:39 of 1st period - Anze Kopitar wins face-off versus Luke Glendening in LAS VEGAS LIZARD KINGS zone. 19:16 of 1st period - Shot by Jamie Benn. 19:16 of 1st period - Shot Misses the Net. Goals for this period are 0 for COLORADO GLACIERCATS vs 0 for LAS VEGAS LIZARD KINGS. Shots for this period are 10 for COLORADO GLACIERCATS vs 4 for LAS VEGAS LIZARD KINGS. 2nd period 0:01 of 2nd period - Leon Draisaitl wins face-off versus Ryan Nugent-Hopkins in neutral zone. 0:21 of 2nd period - Leon Draisaitl is hit by Ryan Nugent-Hopkins and loses puck. 0:59 of 2nd period - Icing by Brayden McNabb. 1:00 of 2nd period - Anze Kopitar wins face-off versus Ryan Nugent-Hopkins in LAS VEGAS LIZARD KINGS zone. 2:30 of 2nd period - Shot by Bryan Rust. 2:30 of 2nd period - Shot Misses the Net. 2:42 of 2nd period - Icing by Patrik Nemeth. 2:43 of 2nd period - Ty Dellandrea wins face-off versus Leon Draisaitl in LAS VEGAS LIZARD KINGS zone. 3:14 of 2nd period - Shot by Tomas Hertl. 3:14 of 2nd period - Shot Misses the Net. 3:29 of 2nd period - Icing by Jalen Chatfield. 3:30 of 2nd period - Alexander Wennberg wins face-off versus Ty Dellandrea in LAS VEGAS LIZARD KINGS zone. 3:35 of 2nd period - Shot by Bryan Rust. 3:35 of 2nd period - Stopped by Sergei Bobrovsky without a rebound. 3:36 of 2nd period - Alexander Wennberg wins face-off versus Johnny Gaudreau in LAS VEGAS LIZARD KINGS zone. 3:37 of 2nd period - Shot by Cole Perfetti. 3:37 of 2nd period - Stopped by Sergei Bobrovsky with a rebound. 3:39 of 2nd period - Shot by Bryan Rust. 3:39 of 2nd period - Stopped by Sergei Bobrovsky with a rebound. 3:41 of 2nd period - Shot by Alexander Wennberg. 3:41 of 2nd period - Shot Misses the Net. 3:44 of 2nd period - Minor Penalty to Brayden McNabb for Tripping. 3:45 of 2nd period - Joe Pavelski wins face-off versus Tage Thompson in LAS VEGAS LIZARD KINGS zone. 4:23 of 2nd period - Shot by Devon Toews. 4:23 of 2nd period - Shot Misses the Net. 4:25 of 2nd period - Shot by Devon Toews. 4:25 of 2nd period - Goal by Devon Toews - COLORADO GLACIERCATS : 1 - LAS VEGAS LIZARD KINGS : 0. 4:26 of 2nd period - Jeff Carter wins face-off versus Adam Ruzicka in neutral zone. 4:35 of 2nd period - Brayden McNabb is hit by Adam Ruzicka and loses puck. 5:03 of 2nd period - Shot by Evan Rodrigues. 5:03 of 2nd period - Shot Blocked by Vince Dunn. 5:05 of 2nd period - Shot by Brayden McNabb. 5:05 of 2nd period - Stopped by Andrei Vasilevskiy without a rebound. 5:06 of 2nd period - Anze Kopitar wins face-off versus Johnny Gaudreau in COLORADO GLACIERCATS zone. 5:06 of 2nd period - Tage Thompson is hit by Joe Pavelski and loses puck. 5:23 of 2nd period - Shot by Johnny Gaudreau. 5:23 of 2nd period - Shot Blocked by Kristopher Letang. 5:29 of 2nd period - Patrik Nemeth is hit by Jamie